 Dungeon Crawl Stone Soup version 0.23-a0-163-g800ba1ec23 (webtiles) character file.

320 Napalmbreeze the Chopper (level 6, 0/47 HPs)
             Began as a Demonspawn Gladiator on Sept 9, 2018.
             Killed from afar by Natasha (3 damage)
             ... with a magic dart
             ... on level 2 of the Dungeon.
             The game lasted 00:06:14 (2355 turns).

Napalmbreeze the Chopper (Demonspawn Gladiator)     Turns: 2355, Time: 00:06:17

Health: 0/47       AC:  9    Str: 15    XL:     6   Next: 22%
Magic:  6/6        EV: 11    Int:  9    God:
Gold:   134        SH:  0    Dex: 16    Spells: 5/5 levels left

rFire    . . .     SeeInvis .   a - +0 war axe
rCold    . . .     Gourm    .   (no shield)
rNeg     . . .     Faith    .   r - +0 scale mail
rPois    .         Spirit   .   c - +0 helmet
rElec    .         Reflect  .   s - +0 cloak
rCorr    .         Harm     +   w - +0 pair of gloves
MR       .....                  (no boots)
Stlth    ..........             k - amulet of harm
HPRegen  0.15/turn              (no ring)
MPRegen  0.10/turn              (no ring)

@: slowed, very slow
A: powered by death 1
a: no special abilities


You were on level 2 of the Dungeon.
You were not hungry.

You visited 1 branch of the dungeon, and saw 3 of its levels.

You collected 134 gold pieces.

Inventory:

Hand Weapons
 a - a +0 war axe (weapon)
Missiles
 d - a throwing net (quivered)
Armour
 c - a +0 helmet (worn)
 r - a +0 scale mail (worn)
 s - a +0 cloak (worn)
 w - a +0 pair of gloves (worn)
Jewellery
 k - an amulet of harm (around neck)
Wands
 x - a wand of digging (15)
Scrolls
 b - a scroll of noise {unknown}
 h - a scroll of blinking {unknown}
 i - 3 scrolls of teleportation {unknown}
 l - a scroll of immolation {unknown}
 m - 4 scrolls of remove curse {unknown}
 n - 3 scrolls of identify {unknown}
 o - a scroll of enchant weapon {unknown}
 u - a scroll of enchant armour {unknown}
 v - a scroll of amnesia {unknown}
Potions
 e - a potion of berserk rage {unknown}
 g - a potion of curing {unknown}
 j - 2 potions of heal wounds {unknown}
 p - a potion of invisibility {unknown}
 q - 2 potions of lignification {unknown}
 t - a potion of mutation {unknown}
Comestibles
 f - 11 rations
 z - 8 chunks of flesh


   Skills:
 + Level 3.6 Fighting
 * Level 4.9 Axes
 - Level 1.7 Throwing
 + Level 3.9 Dodging


You had 5 spell levels left.
You didn't know any spells.
Your spell library was empty.

Dungeon Overview and Level Annotations

Branches:
Dungeon (3/15)

Altars:

Annotations:
D:2 Natasha


Innate Abilities, Weirdness & Mutations

You regenerate a little health from kills.


Message History

You slash Natasha!
Natasha is almost dead.
Natasha claws you.
You barely miss Natasha.
Natasha is almost dead.
Natasha claws you.
* * * LOW HITPOINT WARNING * * *
You closely miss Natasha.
Natasha is almost dead.
Natasha claws you.
* * * LOW HITPOINT WARNING * * *
Natasha stares at you and mumbles some strange words.
You feel yourself slow down.
You closely miss Natasha.
Natasha is almost dead.
Natasha claws you.
* * * LOW HITPOINT WARNING * * *
Natasha casts a spell at you. The magic dart hits you!
You die...

#..##.........#### #
#.....#######..#########
#......# ##..##......
####...## ##.#..#...#
#....#######...##...#
###>..........###...#
##########.....#...#.###.....
#....##.....#.####...##.....#
#....#..###.@...#...........#
#)...#.## #..h....##.........
#....#.# #......####...#....
#......# #.....###...#....#.
#....### #.....(.(.###.#####
#....# #......(### #..###
#....# #.....#...###....#
###### #.....###.....##.#
#.....# ###..###.##


You could see Natasha.

Vanquished Creatures
  An ice beast (D:2)
  An orc priest (D:3)
  An orc wizard (D:3)
  Natasha (D:2)
  Robin (D:3)
  A gnoll (D:1)
  A howler monkey skeleton (D:2)
  2 adders
  An ooze (D:3)
  A dart slug (D:2)
  5 leopard geckos
  9 orcs
  5 giant cockroaches
  17 goblins
  9 hobgoblins
  3 jackals (D:1)
  A quokka (D:2)
  2 ball pythons (D:1)
  2 bats
  2 frilled lizards (D:1)
  A jackal zombie (D:2)
  5 kobolds
  5 rats
77 creatures vanquished.

Notes
Turn   | Place    | Note
-------+----------+-------------------------------------------
     0 | D:1      | Napalmbreeze the Demonspawn Gladiator began the quest for
                  | the Orb.
     0 | D:1      | Reached XP level 1. HP: 16/16 MP: 1/1
   172 | D:1      | Reached skill level 3 in Axes
   172 | D:1      | Gained mutation: You regenerate a little health from kills.
                  | [demonic ancestry]
   172 | D:1      | Reached XP level 2. HP: 16/22 MP: 2/2
   738 | D:1      | Reached XP level 3. HP: 23/28 MP: 3/3
  1217 | D:2      | Reached XP level 4. HP: 27/34 MP: 4/4
  1393 | D:2      | Noticed an ice beast
  1412 | D:2      | Killed an ice beast
  1412 | D:2      | Reached skill level 4 in Axes
  1412 | D:2      | Reached XP level 5. HP: 41/41 MP: 5/5
  1431 | D:2      | Noticed Natasha
  1444 | D:2      | Killed Natasha
  1860 | D:2      | Found a faded altar of an unknown god.
  2156 | D:3      | Noticed Robin
  2163 | D:3      | Killed Robin
  2163 | D:3      | Reached XP level 6. HP: 47/47 MP: 6/6
  2243 | D:3      | Noticed a sky beast
  2342 | D:2      | Noticed Natasha
  2355 | D:2      | Killed from afar by Natasha

Vault maps used:
D:1:      dpeg_arrival_yet_another_circle, st_stairs_9
D:2:      first_ration, chequers_ecumenical_altar_lobes, hex_medium,
          uniq_natasha
D:3:      uniq_robin

Skill      XL: |  1  2  3  4 |
---------------+-------------+-----
Axes           | 3 4 |  4.9
Dodging        | 3 |  3.9
Fighting       | 3 |  3.6
Throwing       | |  1.7

Action                   |  1- 3 |  4- 6 || total
-------------------------+-------+-------++-------
Melee: War axe           |   109 |   147 ||   256
Throw: Throwing net      |       |     2 ||     2
 Stab: Held in net/web   |       |     1 ||     1
  Eat: Chunk             |     1 |     4 ||     5
Armor: Leather armour    |    29 |       ||    29
       Scale mail        |    12 |    62 ||    74
Dodge: Dodged            |    71 |    95 ||   166

Table legend:
 A = Non-vault XP
 B = Vault XP
 C = Vault XP percentage of total XP
 D = Non-vault monster count
 E = Vault monster count
 F = Vault count percentage of total count
                 A         B        C        D         E       F
            +---------+---------+-------+---------+---------+-------
      Total |     387 |      71 |  15.5 |      63 |      14 |  18.2
            +---------+---------+-------+---------+---------+-------
        D:1 |      58 |       3 |   4.9 |      27 |       2 |   6.9
        D:2 |     191 |      35 |  15.5 |      18 |       1 |   5.3
        D:3 |     138 |      33 |  19.3 |      18 |      11 |  37.9
            +---------+---------+-------+---------+---------+-------
